 Dungeon Crawl Stone Soup version 0.26.1-2-gb8aa6d0cf2 (webtiles) character file.

Game seed: 12309246635379249198

8311 FishyPogo the Covert (level 11, -11/89 HPs)
             Began as a Gnoll Delver on Feb 22, 2021.
             Was an Elder of the Shining One.
             Mangled by a boulder beetle (51 damage)
             ... on level 9 of the Dungeon.
             The game lasted 00:53:43 (11499 turns).

FishyPogo the Covert (Gnoll Delver)                Turns: 11499, Time: 00:53:43

Health: -11/89     AC: 17    Str: 22    XL:     11   Next: 28%
Magic:  12/20      EV: 15    Int: 12    God:    the Shining One [****..]
Gold:   894        SH:  0    Dex: 18    Spells: 15/22 levels left

rFire    + + .     SeeInvis .   a - +8 quarterstaff of Generosity {vorpal, +Rage rF+}
rCold    + . .     Faith    .   (shield currently unavailable)
rNeg     + + +     Spirit   .   D - +3 scale mail
rPois    .         Reflect  .   (no helmet)
rElec    .         Harm     .   K - +1 cloak {Will+}
rCorr    .         Rampage  .   B - +0 pair of gloves
Will     +....                  j - +2 pair of boots
Stlth    ++........             (no amulet)
HPRegen  0.24/turn              T - ring of protection from fire
MPRegen  0.17/turn              b - ring "Jatwux" {rC+ rN+ Str+5}

@: glowing
A: distributed training, fangs 1, strong nose
a: Renounce Religion, Evoke Berserk Rage, Divine Shield, Cleansing Flame


You were on level 9 of the Dungeon.
You worshipped the Shining One.
The Shining One was greatly pleased with you.
You visited 1 branch of the dungeon, and saw 9 of its levels.

You collected 894 gold pieces.

Inventory:

Hand Weapons
 a - the +8 quarterstaff of Generosity (weapon) {vorpal, +Rage rF+}
   (You found it on level 4 of the Dungeon)

   It inflicts extra damage upon your enemies.
   It protects you from fire.
   It lets you go berserk.
 p - a +2 dagger of holy wrath
 s - a +6 falchion
 X - a +2 falchion of flaming
Missiles
 m - 24 boomerangs (quivered)
 w - 35 poisoned darts
 J - 160 sling bullets
 S - 3 javelins
 Y - 3 throwing nets
 Z - 5 silver boomerangs
Armour
 j - a +2 pair of boots (worn)
 q - a +1 leather armour of cold resistance
 B - a +0 pair of gloves (worn)
 D - a +3 scale mail (worn)
 K - a +1 cloak of willpower (worn)
Jewellery
 b - the ring "Jatwux" (right hand) {rC+ rN+ Str+5}
   (You took it off a centaur warrior on level 9 of the Dungeon)

   [ring of protection from cold]

   It affects your strength (+5).
   It protects you from cold.
   It protects you from negative energy.
 C - an uncursed ring of resist corrosion
 G - a +4 ring of protection
 M - the ring "Domoc" {+Fly rC- rN+ Str+2 Int+5}
   (You found it on level 4 of the Dungeon)

   [ring of flight]

   It affects your strength (+2).
   It affects your intelligence (+5).
   It makes you vulnerable to cold.
   It protects you from negative energy.
   It lets you fly.
 P - a +6 ring of strength
 T - a ring of protection from fire (left hand)
Wands
 g - a wand of digging (9)
 l - a wand of enslavement (14)
 A - a wand of disintegration (11)
 N - a wand of iceblast (24)
Scrolls
 c - 2 scrolls of fog
 d - 3 scrolls of magic mapping
 e - 4 scrolls of fear
 k - 5 scrolls of teleportation
 v - a scroll of amnesia
 x - a scroll of remove curse
 y - 5 scrolls of enchant armour
 F - 2 scrolls of immolation
 I - a scroll of silence
 R - 2 scrolls of enchant weapon
Potions
 f - 2 potions of haste
 h - 4 potions of heal wounds
 i - 2 potions of might
 n - 4 potions of ambrosia
 o - 3 potions of cancellation
 r - 4 potions of resistance
 t - 2 potions of flight {unknown}
 u - 2 potions of magic {unknown}
 z - 3 potions of attraction
 H - 2 potions of brilliance
 L - a potion of invisibility {unknown}
 Q - a potion of lignification {unknown}
 W - a potion of berserk rage {unknown}


   Skills:
 + Level 9.1 Fighting
 + Level 6.1 Short Blades
 + Level 7.7 Long Blades
 + Level 6.1 Axes
 + Level 6.1 Maces & Flails
 + Level 6.1 Polearms
 + Level 6.1 Staves
 + Level 6.1 Slings
 + Level 6.1 Bows
 + Level 6.1 Crossbows
 + Level 6.1 Throwing
 + Level 6.1 Armour
 + Level 7.7 Dodging
 + Level 11.2 Stealth
 + Level 6.1 Shields
 + Level 6.1 Unarmed Combat
 + Level 6.1 Spellcasting
 + Level 5.1 Conjurations
 + Level 5.1 Hexes
 + Level 5.1 Summonings
 + Level 5.1 Necromancy
 + Level 5.1 Translocations
 + Level 5.1 Transmutations
 + Level 5.1 Fire Magic
 + Level 5.1 Ice Magic
 + Level 5.1 Air Magic
 + Level 5.1 Earth Magic
 + Level 5.1 Poison Magic
 + Level 6.7 Invocations
 + Level 6.1 Evocations


You had 15 spell levels left.
You knew the following spells:

 Your Spells              Type           Power        Failure   Level
a - Magic Dart            Conj           60%          5%          1
c - Mephitic Cloud        Conj/Pois/Air  15%          16%         3
g - Conjure Flame         Conj/Fire      15%          16%         3

Your spell library contained the following spells:

 Spells                   Type           Power        Failure   Level
 Summon Small Mammal      Summ           60%          5%          1
 Blink                    Tloc           N/A          9%          2
 Call Imp                 Summ           15%          9%          2
 Slow                     Hex            15%          9%          2
 Ozocubu's Armour         Ice            15%          16%         3
 Summon Forest            Summ/Tloc      7%           83%         5
 Dragon's Call            Summ           7%           100%        9


Dungeon Overview and Level Annotations

Branches:
Dungeon (9/15)             Temple (0/1) D:7
   Lair: D:8-11         Orc: D:9-12

Altars:
Dithmenos
Elyvilon
Gozag
Hepliaklqana
Kikubaaqudgha
Makhleb
Okawaru
Sif Muna
Trog
Uskayaw
Xom
The Shining One

Shops:
D:9 }

Annotations:
D:4 2 transporters, 2 runed translucent doors


Innate Abilities, Weirdness & Mutations

Your experience applies equally to all skills.
You have very sharp teeth.
Your uncanny sense of smell can sniff out nearby items.


Message History

Confirm with . or Enter, or press ? or * to list all spells.
The fire begins to smolder!
The boulder beetle is engulfed in noxious fumes.
The boulder beetle smothers the flame.
You hit the boulder beetle.
The boulder beetle is moderately wounded.
You sock the boulder beetle!
The boulder beetle is heavily wounded.
Casting: Conjure Flame (dangerous; 16% risk of failure)
Confirm with . or Enter, or press ? or * to list all spells.
The fire begins to smolder!
The boulder beetle bites you!!
* * * LOW HITPOINT WARNING * * *
The boulder beetle seems less confused.
The boulder beetle curls into a ball and begins rolling!
The fire ignites!
You feel much better.
The boulder beetle is engulfed in blazing flames.
The boulder beetle hits you!!!
Ouch! That really hurt!
You die...

#........#..####.=#.#.#
###......#####..###.#..
###....###.(###.).#.#
####...#..###...#.#..
#......####(....#.#.#
###......^.###.}..#.#..
#............###..#..##
##.........#...####.###
##...@B○..###...###...
#....#...?...#...####
####...####.#..........#
#..#...# ##.###.###....(
#......# #...##..#.####.
##..#.## ##.##......# #.
##..##..# ##........## #.
#<..#..####.........# #.
###.#..#..B.........####.


You could see a boulder beetle.

Vanquished Creatures
  A centaur warrior (D:9)
  A catoblepas (D:9)
  2 two-headed ogres (D:9)
  A hornet (D:9)
  A shadow (D:9)
  A wyvern (D:9)
  2 water moccasins
  The ghost of faxtax the Skirmisher, an amateur PaFi of Kikubaaqudgha (D:3)
  A necrophage (D:9)
  3 orc warriors
  A sky beast (D:9)
  2 ice beasts
  A black bear (D:7)
  2 phantoms
  5 centaurs
  5 ogres
  5 bullfrogs
  6 big kobolds
  A wyvern skeleton (D:9)
  11 killer bees (D:9)
  6 wights
  2 howler monkeys
  A centaur zombie (D:6)
  A bullfrog zombie (D:8)
  4 orc priests
  Crazy Yiuf (D:3)
  A bullfrog skeleton (D:4)
  2 hounds
  3 jellies
  10 orc wizards
  2 gnoll shamans (D:7)
  A centaur skeleton (D:7)
  2 iguanas
  Terence (D:2)
  10 worker ants
  A hound skeleton (D:6)
  Robin (D:2)
  23 gnolls
  A howler monkey skeleton (D:7)
  15 adders
  4 shadow imps
  2 white imps
  2 ufetubi
  3 oozes
  5 adder skeletons
  3 adder zombies
  6 worms
  2 dart slugs
  7 leopard geckos
  28 orcs
  2 ball pythons
  2 giant cockroaches
  41 goblins
  36 hobgoblins
  19 jackals
  18 kobolds
  5 quokkas
  4 bats
  8 frilled lizards
  2 leopard gecko skeletons (D:4)
  A leopard gecko zombie (D:7)
  A quokka skeleton (D:8)
  6 rats
348 creatures vanquished.

Vanquished Creatures (collateral kills)
  A killer bee (D:9)
1 creature vanquished.

Vanquished Creatures (others)
  6 fungi (D:7)
  9 plants (D:7)
15 creatures vanquished.

Grand Total: 364 creatures vanquished

Notes
Turn   | Place    | Note
-------+----------+-------------------------------------------
     0 | D:5      | Reached skill level 9 in Stealth
     0 | D:5      | FishyPogo the Gnoll Delver began the quest for the Orb.
     0 | D:5      | Reached XP level 1. HP: 23/23 MP: 1/1
    27 | D:5      | Noticed a howler monkey
    48 | D:6      | Reached XP level 2. HP: 23/29 MP: 1/3
    48 | D:6      | Reached XP level 3. HP: 27/35 MP: 1/4
   127 | D:5      | Noticed a bullfrog
   130 | D:5      | Noticed an ogre
   133 | D:5      | Killed an ogre
   134 | D:5      | Reached skill level 1 in Short Blades
   134 | D:5      | Reached skill level 1 in Axes
   134 | D:5      | Reached skill level 1 in Maces & Flails
   134 | D:5      | Reached skill level 1 in Polearms
   134 | D:5      | Reached skill level 1 in Staves
   134 | D:5      | Reached skill level 1 in Slings
   134 | D:5      | Reached skill level 1 in Bows
   134 | D:5      | Reached skill level 1 in Crossbows
   134 | D:5      | Reached skill level 1 in Throwing
   134 | D:5      | Reached skill level 1 in Armour
   134 | D:5      | Reached skill level 1 in Shields
   134 | D:5      | Reached skill level 1 in Unarmed Combat
   134 | D:5      | Reached skill level 1 in Spellcasting
   134 | D:5      | Reached skill level 1 in Conjurations
   134 | D:5      | Reached skill level 1 in Hexes
   134 | D:5      | Reached skill level 1 in Summonings
   134 | D:5      | Reached skill level 1 in Necromancy
   134 | D:5      | Reached skill level 1 in Translocations
   134 | D:5      | Reached skill level 1 in Transmutations
   134 | D:5      | Reached skill level 1 in Fire Magic
   134 | D:5      | Reached skill level 1 in Ice Magic
   134 | D:5      | Reached skill level 1 in Air Magic
   134 | D:5      | Reached skill level 1 in Earth Magic
   134 | D:5      | Reached skill level 1 in Poison Magic
   134 | D:5      | Reached skill level 1 in Invocations
   134 | D:5      | Reached skill level 1 in Evocations
   134 | D:5      | Reached XP level 4. HP: 41/41 MP: 5/5
   134 | D:5      | Reached XP level 5. HP: 47/47 MP: 6/6
   420 | D:4      | Found a transporter.
   661 | D:4      | Found a transporter.
   757 | D:4      | Noticed an ogre
   989 | D:3      | Found an opulent altar of Gozag.
   996 | D:3      | Found a shimmering blue altar of Sif Muna.
   996 | D:3      | Found an ancient bone altar of Kikubaaqudgha.
   998 | D:3      | Found a glowing golden altar of the Shining One.
  1006 | D:3      | Became a worshipper of the Shining One
  1072 | D:2      | Found a bloodstained altar of Trog.
  1072 | D:2      | Noticed Robin
  1074 | D:2      | Found an iron altar of Okawaru.
  1084 | D:2      | Reached XP level 6. HP: 20/53 MP: 8/8
  1112 | D:2      | Killed Robin
  1556 | D:2      | Noticed Terence
  1578 | D:2      | Killed Terence
  1579 | D:2      | Reached skill level 5 in Long Blades
  1579 | D:2      | Reached skill level 5 in Dodging
  2427 | D:1      | Noticed a minotaur
  2427 | D:1      | Noticed a dwarf
  2431 | D:1      | Noticed a formicid
  2435 | D:1      | Noticed a gargoyle
  2435 | D:1      | Noticed a ghoul
  2437 | D:1      | Noticed an octopode
  2439 | D:1      | Noticed a demonspawn
  2439 | D:1      | Noticed a troll
  2441 | D:1      | Noticed a human
  2441 | D:1      | Noticed a vine stalker
  2443 | D:1      | Noticed a vampire
  2445 | D:1      | Noticed a naga
  2445 | D:1      | Noticed an elf
  2447 | D:1      | Noticed a draconian
  2449 | D:1      | Noticed a merfolk
  2449 | D:1      | Reached * piety under the Shining One
  2449 | D:1      | Noticed a demigod
  2451 | D:1      | Noticed a spriggan
  2849 | D:2      | Found a shimmering altar of Xom.
  3135 | D:2      | Found a hazy altar of Hepliaklqana.
  3520 | D:3      | Found a white marble altar of Elyvilon.
  3634 | D:3      | Found a runed translucent door.
  3634 | D:3      | Noticed faxtax's ghost (amateur PaFi)
  3661 | D:3      | Killed faxtax's ghost
  3662 | D:3      | Reached XP level 7. HP: 50/59 MP: 10/10
  3821 | D:3      | Learned a level 3 spell: Mephitic Cloud
  3825 | D:3      | Learned a level 3 spell: Conjure Flame
  5141 | D:3      | Found a runed translucent door.
  5142 | D:3      | Noticed Crazy Yiuf
  5380 | D:3      | Killed Crazy Yiuf
  5381 | D:3      | Reached skill level 10 in Stealth
  5544 | D:4      | Got a sparkling tin ring
  5544 | D:4      | Identified the ring "Domoc" {+Fly rC- rN+ Str+2 Int+5} (You
                  | found it on level 4 of the Dungeon)
  5552 | D:4      | Reached XP level 8. HP: 67/67 MP: 12/12
  5579 | D:4      | Found a large runed translucent door.
  5579 | D:4      | Found a large runed translucent door.
  5591 | D:4      | Found a large runed translucent door.
  5600 | D:4      | Reached ** piety under the Shining One
  5613 | D:4      | Found a large runed translucent door.
  5732 | D:4      | Identified the Guide on Frigorific Calling
  5736 | D:4      | Learned a level 1 spell: Magic Dart
  6440 | D:4      | Got a dazzling quarterstaff
  6441 | D:4      | Identified the +8 quarterstaff of Generosity {vorpal, +Rage
                  | rF+} (You found it on level 4 of the Dungeon)
  7412 | D:6      | Found a hide-covered altar of Uskayaw.
  7552 | D:6      | Reached XP level 9. HP: 71/72 MP: 14/14
  7929 | D:7      | Reached *** piety under the Shining One
  8227 | D:7      | Reached skill level 5 in Invocations
  8513 | D:7      | Found a staircase to the Ecumenical Temple.
  8877 | D:7      | Reached XP level 10. HP: 63/80 MP: 17/17
  9086 | D:8      | Reached **** piety under the Shining One
  9092 | D:8      | Reached skill level 5 in Short Blades
  9092 | D:8      | Reached skill level 5 in Axes
  9092 | D:8      | Reached skill level 5 in Maces & Flails
  9092 | D:8      | Reached skill level 5 in Polearms
  9092 | D:8      | Reached skill level 5 in Staves
  9092 | D:8      | Reached skill level 5 in Slings
  9092 | D:8      | Reached skill level 5 in Bows
  9092 | D:8      | Reached skill level 5 in Crossbows
  9092 | D:8      | Reached skill level 5 in Throwing
  9092 | D:8      | Reached skill level 5 in Armour
  9092 | D:8      | Reached skill level 5 in Shields
  9092 | D:8      | Reached skill level 5 in Unarmed Combat
  9092 | D:8      | Reached skill level 5 in Spellcasting
  9092 | D:8      | Reached skill level 5 in Evocations
  9630 | D:8      | Found an opulent altar of Gozag.
  9641 | D:8      | Found a shadowy altar of Dithmenos.
  9641 | D:8      | Found a shadowy altar of Dithmenos.
  9643 | D:8      | Found a shimmering altar of Xom.
  9643 | D:8      | Found a hide-covered altar of Uskayaw.
  9643 | D:8      | Found a burning altar of Makhleb.
  9818 | D:9      | Found Hudug's Gadget Emporium.
  9853 | D:9      | Noticed a two-headed ogre
  9878 | D:9      | Killed a two-headed ogre
 10127 | D:9      | Noticed a two-headed ogre
 10145 | D:9      | Killed a two-headed ogre
 10146 | D:9      | Reached skill level 11 in Stealth
 10256 | D:9      | Noticed a boulder beetle
 10262 | D:9      | Identified the +2 trident "Worm" {drain, rElec rF+}
 10262 | D:9      | Identified the ring "Jatwux" {rC+ rN+ Str+5}
 10262 | D:9      | Noticed a centaur warrior
 10270 | D:9      | Killed a centaur warrior
 10271 | D:9      | Reached XP level 11. HP: 56/87 MP: 4/19
 10605 | D:9      | Reached skill level 5 in Conjurations
 10605 | D:9      | Reached skill level 5 in Hexes
 10605 | D:9      | Reached skill level 5 in Summonings
 10605 | D:9      | Reached skill level 5 in Necromancy
 10605 | D:9      | Reached skill level 5 in Translocations
 10605 | D:9      | Reached skill level 5 in Transmutations
 10605 | D:9      | Reached skill level 5 in Fire Magic
 10605 | D:9      | Reached skill level 5 in Ice Magic
 10605 | D:9      | Reached skill level 5 in Air Magic
 10605 | D:9      | Reached skill level 5 in Earth Magic
 10605 | D:9      | Reached skill level 5 in Poison Magic
 10939 | D:9      | Noticed a catoblepas
 10966 | D:9      | Killed a catoblepas
 11499 | D:9      | Mangled by a boulder beetle

Illustrated notes

Levels and vault maps discovered:
D:1:      kb_arrival_jail, layout_loops_cross
D:2:      layout_basic, grunt_temple_overflow_open, overflow_temple_1_default,
          marbit_many_paths, serial_forest, infiniplex_forest_lined_ring,
          infiniplex_forest_lined_corner, infiniplex_forest_clump_tiny,
          infiniplex_forest_clump_curved, infiniplex_forest_lined_room_,
          infiniplex_forest_split, minmay_heptomino_h4, uniq_robin, uniq_terence
D:3:      minmay_goblin_kobold_castle, layout_basic, lemuel_round_altar,
          minitemple, ebering_ghost_inner_flame, uniq_crazy_yiuf_cottage
D:4:      gammafunk_steamed_eel, layout_layer_cave,
          minmay_hollow_rounded_squares
D:5:      layout_basic
D:6:      layout_rooms, eat_drink_and_be_merry_uskayaw
D:7:      kennysheep_seaside_town, layout_basic, temple_statues
D:8:      layout_cave_pools, doesnt_xom_only_xom
D:9:      minmay_the_grid_triangle_9x9_rhombus_thin
          [minmay_the_grid_triangle_9x9_cache,
          minmay_the_grid_triangle_9x9_prize_insulated,
          minmay_the_grid_triangle_9x9_minimal,
          minmay_the_grid_triangle_9x9_from_above], layout_cave_pools,
          serial_shops, shop_fountains, eino_jars

Skill      XL: |  1  2  3  4  5  6  7  8  9 10 11 |
---------------+----------------------------------+-----
Stealth        | 10 11 | 11.2
Short Blades   | 1 2 3 4 5 6 |  6.1
Axes           | 1 2 3 4 5 6 |  6.1
Maces & Flails | 1 2 3 4 5 6 |  6.1
Polearms       | 1 2 3 4 5 6 |  6.1
Staves         | 1 2 3 4 5 6 |  6.1
Slings         | 1 2 3 4 5 6 |  6.1
Bows           | 1 2 3 4 5 6 |  6.1
Crossbows      | 1 2 3 4 5 6 |  6.1
Throwing       | 1 2 3 4 5 6 |  6.1
Armour         | 1 2 3 4 5 6 |  6.1
Shields        | 1 2 3 4 5 6 |  6.1
Unarmed Combat | 1 2 3 4 5 6 |  6.1
Spellcasting   | 1 2 3 4 5 6 |  6.1
Conjurations   | 1 2 3 4 5 |  5.1
Hexes          | 1 2 3 4 5 |  5.1
Summonings     | 1 2 3 4 5 |  5.1
Necromancy     | 1 2 3 4 5 |  5.1
Translocations | 1 2 3 4 5 |  5.1
Transmutations | 1 2 3 4 5 |  5.1
Fire Magic     | 1 2 3 4 5 |  5.1
Ice Magic      | 1 2 3 4 5 |  5.1
Air Magic      | 1 2 3 4 5 |  5.1
Earth Magic    | 1 2 3 4 5 |  5.1
Poison Magic   | 1 2 3 4 5 |  5.1
Invocations    | 1 2 3 4 5 6 |  6.7
Evocations     | 1 2 3 4 5 6 |  6.1
Long Blades    | 5 6 7 |  7.7
Dodging        | 5 6 7 |  7.7
Fighting       | 7 8 9 |  9.1

Action                   |  1- 3 |  4- 6 |  7- 9 | 10-12 || total
-------------------------+-------+-------+-------+-------++-------
Melee: Falchion          |     7 |   215 |     1 |       ||   223
       Bite              |     1 |    46 |    40 |    16 ||   103
       Dagger            |       |    29 |   186 |       ||   215
       Punch             |       |     3 |     2 |       ||     5
       Quarterstaff      |       |       |   179 |   155 ||   334
 Fire: Hunting sling     |       |       |     3 |    30 ||    33
       Shortbow          |       |       |     1 |       ||     1
 Cast: Magic Dart        |       |       |    45 |    50 ||    95
       Mephitic Cloud    |       |       |     4 |    17 ||    21
       Conjure Flame     |       |       |       |     4 ||     4
Invok: Divine Shield     |       |       |     1 |       ||     1
 Abil: Evoke Berserk Rag |       |       |     1 |     1 ||     2
       Evoke Flight      |       |       |     1 |       ||     1
Evoke: Wand              |     3 |       |       |       ||     3
  Use: Scroll            |       |       |       |    15 ||    15
       Potion            |       |       |       |     1 ||     1
 Stab: Sleeping          |     2 |     2 |       |       ||     4
Armor: Leather armour    |     1 |    35 |       |       ||    36
       Scale mail        |       |       |   141 |    51 ||   192
Dodge: Dodged            |     4 |   199 |   273 |   100 ||   576
Block: Other             |       |       |     4 |       ||     4
       Rpst.: Falchion   |       |    53 |       |       ||    53
